 Dungeon Crawl Stone Soup version 0.29-a0-492-g10b964d8d7 (webtiles) character file.

Game seed: 15317541671685324585

1061 Bruhh the Insei (level 7, 0/60 HPs)
             Began as a Demigod Transmuter on May 27, 2022.
             Engulfed by a steam dragon's steam (14 damage)
             ... on level 6 of the Dungeon.
             The game lasted 00:06:33 (7487 turns).

Bruhh the Insei (Demigod Transmuter)                Turns: 7487, Time: 00:06:33

Health: 0/60       AC:  2    Str: 17    XL:     7   Next: 78%
Magic:  15/17      EV: 19    Int: 23    God:
Gold:   285        SH:  0    Dex: 19    Spells: 11/15 levels left

rFire   . . .      SeeInvis .     - Unarmed
rCold   . . .      Faith    .   (shield currently unavailable)
rNeg    . . .      Spirit   .   (body armour currently unavailable)
rPois   .          Reflect  .   (helmet currently unavailable)
rElec   .          Harm     .   (cloak currently unavailable)
rCorr   .          Rampage  .   (gloves currently unavailable)
Will    .....                   (boots currently unavailable)
Stlth   ++........              (no amulet)
HPRegen 0.20/turn               u - +6 ring of strength
MPRegen 0.15/turn               d - ring of poison resistance

@: spider-form (expiring)
A: venomous fangs, tiny, high MP 1, forlorn, divine attributes
a: End Transformation


You were on level 6 of the Dungeon.
You were a venomous arachnid creature.
You visited 1 branch of the dungeon, and saw 6 of its levels.

You collected 285 gold pieces.

Inventory:

Missiles
 f - 8 poisoned darts
 n - a throwing net
Armour
 a - a +0 robe
 c - a +0 pair of gloves (melded)
 h - a +0 pair of boots (melded)
 D - a +0 buckler
 E - +0 acid dragon scales (melded)
Jewellery
 d - a ring of poison resistance (right front leg)
 j - a ring of magical power
 u - a +6 ring of strength (left front leg)
Wands
 A - a wand of flame (17)
 F - a wand of paralysis (11)
Scrolls
 e - 2 scrolls of poison {unknown}
 i - a scroll of enchant armour {unknown}
 l - a scroll of summoning
 p - 3 scrolls of teleportation {unknown}
 q - a scroll of immolation {unknown}
 r - 2 scrolls of identify {unknown}
 s - a scroll of fear {unknown}
 w - a scroll of amnesia {unknown}
 y - 2 scrolls of enchant weapon {unknown}
 B - a scroll of torment {unknown}
Potions
 b - a potion of lignification
 g - a potion of brilliance {unknown}
 k - 3 potions of curing {unknown}
 m - a potion of degeneration {unknown}
 o - a potion of magic {unknown}
 t - 2 potions of invisibility {unknown}
 v - a potion of berserk rage {unknown}
 x - a potion of cancellation {unknown}
 z - a potion of haste {unknown}
 C - a potion of flight {unknown}


   Skills:
 + Level 4.7 Fighting
 - Level 1.7 Dodging
 + Level 5.4 Unarmed Combat
 + Level 4.6 Spellcasting
 - Level 3.0 Transmutations


You had 11 spell levels left.
You knew the following spells:

 Your Spells              Type           Power      Damage    Failure   Level
a - Beastly Appendage     Tmut           38%        N/A       11%         1
b - Spider Form           Tmut/Pois      12%        N/A       34%         3

Your spell library contained the following spells:

 Spells                   Type           Power      Damage    Failure   Level
 Wereblood                Tmut           19%        N/A       13%         2
 Sublimation of Blood     Necr           5%         N/A       34%         2
 Ignite Poison            Fire/Tmut/Pois 9%         N/A       41%         3
 Conjure Flame            Conj/Fire      5%         6-21      52%         3
 Gell's Gravitas          Tloc           5%         N/A       52%         3
 Teleport Other           Tloc           5%         N/A       52%         3
 Ice Form                 Ice/Tmut       12%        N/A       69%         4
 Sticky Flame             Conj/Fire      5%         2d3       86%         4
 Dispersal                Tloc           2%         N/A       100%        6
 Summon Hydra             Summ           2%         N/A       100%        7


Dungeon Overview and Level Annotations

Branches:
Dungeon (6/15)
 Temple: D:4-7

Annotations:
D:6 1 exclusion


Innate Abilities, Weirdness & Mutations

You are a venomous arachnid creature.
You have poisonous fangs.
You are tiny and dextrous.
Your spellcasting is less reliable in this form.
Your armour is entirely melded.
You are incapable of wielding weapons or throwing items.
You have an increased reservoir of magic. (+10% MP)
You shall have no god before yourself.
Your divine heritage dramatically boosts your attributes as you level up.


Message History

You turn into a venomous arachnid creature.
Your +0 pair of gloves melds into your body.
Your +0 pair of boots melds into your body.
Your +0 acid dragon scales melds into your body.
Your transformation is almost over.
You barely miss the black bear. The black bear barely misses you.
The black bear completely misses you. The black bear barely misses you.
You hit the black bear.
The black bear is lightly wounded.
The black bear closely misses you. The black bear barely misses you. x2
You bite the black bear!
The black bear is moderately wounded.
You hit the black bear.
The black bear is poisoned.
The black bear is heavily wounded.
The black bear closely misses you. The black bear claws you.
The black bear barely misses you.
Unknown command.
You hit the black bear.
The black bear looks as sick as possible!
The black bear is severely wounded.
The black bear goes berserk!
The steam dragon breathes steam at you. The ball of steam hits you!
You hit the black bear.
The black bear looks as sick as possible!
The black bear is almost dead.
You are engulfed in a cloud of scalding steam.
The black bear barely misses you. The black bear claws you.
The black bear closely misses you. x2; The black bear claws you.
The black bear closely misses you.
The black bear is engulfed in a cloud of scalding steam.
The black bear dies!
The steam dragon breathes steam at you. The ball of steam hits you!!
* * * LOW HITPOINT WARNING * * *
Unknown command.
As you read the scroll of summoning, it crumbles to dust.
Wisps of shadow whirl around you...
You are engulfed in a cloud of scalding steam.
You die...

#..............
#.......######
#.......#
##.....## ##...##
##.^# #########
#..# #h§......
..<###..###§#####
.........§§sDgg.#
...####.##5g###g#
### . #.##.l# #.#
#.##..# #.#
#[##..# #.#
#.##..# #.#
#.##... . #.#
#.##..# ..J.###.#
.... #....<#


You could see a steam dragon (catching breath, ally target), a friendly black
bear (summoned), a friendly gnoll sergeant (summoned), a friendly iguana
(summoned), 3 friendly gnolls and a friendly ufetubus (summoned).

Vanquished Creatures
  Maggie (D:6)
  An ogre (D:5)
  A black bear (D:5)
  A centaur (D:5)
  A necrophage (D:6)
  3 hounds (D:5)
  A jelly (D:5)
  Jessica (D:3)
  Ijyb (D:5)
  2 iguanas
  3 gnolls (D:5)
  5 adders
  2 ufetubi
  2 dart slugs
  5 orcs
  4 ball pythons
  14 endoplasms
  A giant cockroach (D:2)
  7 goblins
  4 hobgoblins
  5 jackals
  3 kobolds
  3 quokkas
  4 bats
  3 frilled lizards
  6 rats
84 creatures vanquished.

Vanquished Creatures (others)
  A black bear (D:6)
1 creature vanquished.

Grand Total: 85 creatures vanquished

Notes
Turn   | Place    | Note
-------+----------+-------------------------------------------
     0 | D:1      | Bruhh the Demigod Transmuter began the quest for the Orb.
     0 | D:1      | Reached XP level 1. HP: 15/15 MP: 5/5
   101 | D:1      | Reached skill level 1 in Fighting
   358 | D:1      | Reached XP level 2. HP: 21/23 MP: 5/7
   674 | D:1      | Reached skill level 3 in Unarmed Combat
  1633 | D:2      | Reached XP level 3. HP: 28/28 MP: 6/8
  2325 | D:3      | Learned a level 3 spell: Spider Form
  2473 | D:3      | Noticed Jessica
  2480 | D:3      | Killed Jessica
  2481 | D:3      | Reached XP level 4. HP: 29/36 MP: 10/10
  4251 | D:5      | Entered Level 5 of the Dungeon
  4251 | D:5      | Noticed Ijyb
  4561 | D:5      | Killed Ijyb
  4562 | D:5      | Reached XP level 5. HP: 17/42 MP: 12/12
  4930 | D:5      | Noticed a black bear
  4937 | D:5      | Killed a black bear
  4938 | D:5      | Reached skill level 4 in Unarmed Combat
  5035 | D:5      | Reached XP level 6. HP: 46/51 MP: 14/14
  5674 | D:5      | Reached XP level 7. HP: 26/58 MP: 14/16
  7038 | D:6      | Noticed Maggie
  7077 | D:6      | Killed Maggie
  7078 | D:6      | Reached skill level 5 in Unarmed Combat
  7414 | D:6      | Noticed a steam dragon
  7487 | D:6      | Engulfed by a steam dragon's steam

Illustrated notes

Levels and vault maps discovered:
D:1:      lordsloth_arrival_two_stooges, layout_basic,
          shapermc_ecumenical_altar_pompeii
D:2:      layout_basic
D:3:      layout_rooms, uniq_jessica
D:4:      layout_basic, glass_columns_a, grunt_decor_fettered,
          grunt_ministairs_10
D:5:      layout_cave_pods, mainiacjoe_overflow_brackets, kennysheep_mini,
          kennysheep_mini_moat, uniq_ijyb
D:6:      cheibrodos_steamvent, layout_loops_ring, serial_glass,
          glass_columns_a, glass_columns_c, kennysheep_diamond, uniq_maggie

Skill      XL: |  1  2  3  4  5  6  7 |
---------------+----------------------+-----
Fighting       | 1 2 3 4 |  4.7
Transmutations | 2 3 |  3.0
Spellcasting   | 2 3 4 |  4.6
Unarmed Combat | 3 4 5 |  5.4
Dodging        | |  1.7

Action                   |  1- 3 |  4- 6 |  7- 9 || total
-------------------------+-------+-------+-------++-------
Melee: Unarmed           |   137 |   112 |    30 ||   279
       Headbutt          |     8 |     5 |     2 ||    15
       Kick              |    29 |    17 |       ||    46
       Punch             |     3 |     2 |     1 ||     6
 Cast: Beastly Appendage |    32 |    19 |     1 ||    52
       Spider Form       |     1 |     6 |     1 ||     8
  Use: Potion            |     1 |       |     1 ||     2
       Scroll            |       |       |     1 ||     1
 Stab: Sleeping          |       |     1 |       ||     1
Armor: Robe              |    50 |    14 |       ||    64
       Skin              |       |     6 |     4 ||    10
       Acid dragon scale |       |       |     3 ||     3
Dodge: Dodged            |    97 |   126 |    16 ||   239
Block: Buckler           |       |       |     3 ||     3

Table legend: (Time is in decaauts)
 A = Elapsed time spent in this place.
 B = Non-inter-level travel time spent in this place.
 C = Inter-level travel time spent in this place.
 D = Time resting spent in this place.
 E = Time spent auto-exploring this place.
 F = Levels seen in this place.
 G = Mean time per level.
                   A        B        C        D        E       F      G
               +--------+--------+--------+--------+--------+-----+--------+
         Total |   7464 |   7230 |    234 |    720 |   5772 |   6 | 1244.0 |
       Dungeon |   7464 |   7230 |    234 |    720 |   5772 |   6 | 1244.0 |
               +--------+--------+--------+--------+--------+-----+--------+

Top non-repeatable levels by time:
     D:5: 2466 daAuts
     D:4: 1459 daAuts
     D:1: 1185 daAuts
     D:2: 1070 daAuts
     D:3: 822 daAuts
     D:6: 461 daAuts
